 Dungeon Crawl Stone Soup version 0.30-a0-49-g1cef19eb02 (webtiles) character file.

Game seed: 12336726763071040337

4165 purpskrrrp the Grappler (level 10, -4/96 HPs)
             Began as a Troll Fighter on Sept 2, 2022.
             Was an Initiate of Gozag.
             Slain by Erica
             ... wielding a +4 scimitar of flaming
              (6 damage)
             ... on level 9 of the Dungeon.
             The game lasted 00:30:41 (7543 turns).

purpskrrrp the Grappler (Troll Fighter)             Turns: 7543, Time: 00:30:41

Health: -4/96      AC:  5    Str: 30    XL:     10   Next: 7%
Magic:  0/9        EV: 14    Int:  4    God:    Gozag
Gold:   834        SH:  0    Dex:  9    Spells: 9/9 levels left

rFire   + . .      SeeInvis .      - Unarmed
rCold   + . .      Faith    .    b - +0 kite shield
rNeg    . . .      Spirit   +    s - +1 robe {rC+}
rPois   .          Reflect  .    (helmet restricted)
rElec   .          Harm     .    (no cloak)
rCorr   .          Rampage  .    (gloves unavailable)
Will    .....                    (boots unavailable)
Stlth   +.........               l - amulet of guardian spirit
HPRegen 1.06/turn                w - +4 ring of evasion
MPRegen 0.11/turn                k - ring of protection from fire

@: confused
A: large, unfitting armour, claws 3, regeneration 1, shaggy fur 1, tough skin 1
a: Renounce Religion, Potion Petition, Call Merchant, Bribe Branch


You were on level 9 of the Dungeon.
You worshipped Gozag.
Gozag was pleased with you.
You visited 1 branch of the dungeon, and saw 9 of its levels.

You collected 897 gold pieces.
You paid 63 gold pieces to Gozag.

Inventory:

Missiles
 x - 17 poisoned darts (quivered)
Armour
 a - a +0 robe
 b - a +0 kite shield (worn)
 s - a +1 robe of cold resistance (worn)
 y - a +0 pair of gloves
Jewellery
 d - a ring of wizardry
 k - a ring of protection from fire (right claw)
 l - an amulet of guardian spirit (around neck)
 w - a +4 ring of evasion (left claw)
Wands
 c - a wand of paralysis (13)
 r - a wand of flame (26)
 v - a wand of roots (7)
Scrolls
 e - a scroll of poison
 j - a scroll of silence
 m - a scroll of teleportation
Potions
 f - 3 potions of flight
 h - a potion of magic
 i - 2 potions of degeneration
 n - a potion of attraction
 o - 2 potions of curing
 C - 2 potions of haste


   Skills:
 + Level 5.5 Fighting
 + Level 5.5 Dodging
 * Level 8.2 Shields
 * Level 8.7 Unarmed Combat


You had 9 spell levels left.
You didn't know any spells.
Your spell library contained the following spells:

 Spells                   Type           Power      Damage    Failure   Level
 Beastly Appendage        Tmut           0%         N/A       75%         1
 Magic Dart               Conj           0%         1d3       75%         1
 Sting                    Tmut/Pois      0%         1d3       75%         1
 Poisonous Vapours        Pois/Air       0%         N/A       86%         2
 Searing Ray              Conj           0%         2d4       86%         2
 Sublimation of Blood     Necr           0%         N/A       86%         2
 Wereblood                Tmut           0%         N/A       86%         2
 Spider Form              Tmut/Pois      0%         N/A       98%         3
 Summon Guardian Golem    Hex/Summ       0%         N/A       98%         3
 Cause Fear               Hex            0%         N/A       100%        4
 Fulminant Prism          Conj/Hex       0%         3d6       100%        4
 Olgreb's Toxic Radiance  Pois           0%         N/A       100%        4
 Petrify                  Tmut/Erth      0%         N/A       100%        4
 Irradiate                Conj/Tmut      0%         3d11      100%        5
 Dragon Form              Tmut           0%         N/A       100%        7
 Haunt                    Necr/Summ      0%         N/A       100%        7
 Orb of Destruction       Conj           0%         9d5       100%        7
 Spellforged Servitor     Conj/Summ      0%         N/A       100%        7
 Infestation              Necr           0%         N/A       100%        8
 Dragon's Call            Summ           0%         N/A       100%        9
 Animate Dead             Necr           Unusable   N/A       N/A         4

Dungeon Overview and Level Annotations

Branches:
Dungeon (9/15)             Temple (0/1) D:7
   Lair: D:8-11         Orc: D:9-12

Altars:
Gozag
Makhleb
Okawaru
Sif Muna
Trog
Vehumet
Wu Jian
The Shining One

Shops:
D:4 [   D:5 !!

Annotations:
D:8 Grum
D:9 Erica


Innate Abilities, Weirdness & Mutations

You are too large for most types of armour.
You have claws for hands.
Your natural rate of healing is unusually fast.
You are covered in fur. (AC +1)
You have tough skin. (AC +1)


Message History

Erica hits you with a +4 scimitar of flaming!
Erica attacks as you move away!
Erica hits you with a +4 scimitar of flaming!
Erica burns you.
You claw Erica!
Erica is almost dead.
Erica screams, "Die!"
Erica points at you and mumbles some strange words.
The lance of force hits you!!
* * * LOW HITPOINT WARNING * * *
You are knocked back by the lance of force.
You feel less confused.
You closely miss Erica.
Erica is almost dead.
Erica hits you with a +4 scimitar of flaming!
* * * LOW HITPOINT WARNING * * *
Erica burns you.
* * * LOW HITPOINT WARNING * * *
You scratch Erica.
Erica is almost dead.
Erica points at you and mumbles some strange words.
You are confused.
You bump into the rock wall.
Erica misses you. Erica casts a spell at you. The lance of force misses you.
You bump into the rock wall.
Erica gestures wildly while chanting.
Erica flickers and vanishes!
Deactivating autopickup; reactivate with Ctrl-A.
You bump into the rock wall.
Something hits you!
* * * LOW HITPOINT WARNING * * *
Something burns you.
* * * LOW HITPOINT WARNING * * *
Something hits you!!
* * * LOW HITPOINT WARNING * * *
Something burns you.
* * * LOW HITPOINT WARNING * * *
You bump into the rock wall.
Something hits you.
You die...
Your body crumbles into a pile of gold.

###################
#.........@........
#........{####.....
#..####...# ... #..
#...# .... #..
#...####.....
#..####............
#..................
#..>...............
#.##.....###+######


There were no monsters in sight!

Vanquished Creatures
  A two-headed ogre (D:9)
  The ghost of jlumianski the Chopper, a novice DsGl of Hepliaklqana (D:6)
  A hornet (D:7)
  Prince Ribbit (D:5)
  Grinder (D:5)
  Sigmund (D:4)
  Eustachio (D:4)
  A steam dragon (D:8)
  Menkaure (D:4)
  A water moccasin (D:7)
  An ice beast (D:6)
  2 sky beasts
  2 orc warriors (D:7)
  A centaur (D:8)
  A wolf (D:8)
  A phantom (D:6)
  2 kobold brigands
  3 bullfrogs
  A necrophage (D:5)
  3 killer bees (D:8)
  6 orc priests
  3 hounds
  3 iguanas
  5 orc wizards
  A hound skeleton (D:5)
  17 gnolls
  5 adders
  A white imp (D:6)
  2 ufetubi
  A worm (D:5)
  5 dart slugs
  31 orcs
  7 endoplasms
  2 giant cockroaches
  8 goblins
  7 hobgoblins
  7 jackals
  A quokka (D:5)
  7 ball pythons
  6 bats
  2 frilled lizards
  12 kobolds
  7 rats
173 creatures vanquished.

Vanquished Creatures (others)
  An orc wizard (D:9)
1 creature vanquished.

Grand Total: 174 creatures vanquished

Notes
Turn   | Place    | Note
-------+----------+-------------------------------------------
     0 | D:1      | purpskrrrp the Troll Fighter began the quest for the Orb.
     0 | D:1      | Reached XP level 1. HP: 22/22 MP: 0/0
   135 | D:1      | Reached XP level 2. HP: 29/29 MP: 1/1
   660 | D:2      | Reached XP level 3. HP: 36/36 MP: 2/2
  1047 | D:2      | Reached XP level 4. HP: 31/44 MP: 3/3
  1063 | D:2      | Found a faded altar of an unknown god.
  1784 | D:3      | Found a radiant altar of Vehumet.
  1865 | D:3      | Reached XP level 5. HP: 21/53 MP: 4/4
  2877 | D:4      | Noticed Sigmund
  2886 | D:4      | Killed Sigmund
  2887 | D:4      | Reached XP level 6. HP: 30/61 MP: 5/5
  3031 | D:4      | Noticed Menkaure
  3037 | D:4      | Killed Menkaure
  3219 | D:4      | Noticed Eustachio
  3238 | D:4      | Killed Eustachio
  3239 | D:4      | Reached XP level 7. HP: 53/67 MP: 6/6
  3511 | D:4      | Found Ragnar's Dragon-Slaying Spoils.
  3670 | D:5      | Entered Level 5 of the Dungeon
  3672 | D:5      | Noticed Prince Ribbit
  3682 | D:5      | Reached skill level 5 in Shields
  3685 | D:5      | Reached skill level 5 in Unarmed Combat
  3701 | D:5      | Killed Prince Ribbit
  3728 | D:5      | Noticed Grinder
  3736 | D:5      | Paralysed by Grinder for 2 turns
  3750 | D:5      | Killed Grinder
  3751 | D:5      | Reached XP level 8. HP: 22/78 MP: 7/7
  3985 | D:5      | Found Diecri's Distillery.
  4048 | D:5      | Found an opulent altar of Gozag.
  4054 | D:5      | Became a worshipper of Gozag Ym Sagoz the Greedy
  4084 | D:5      | Found Berauc's Distillery.
  4166 | D:5      | Found a burning altar of Makhleb.
  4499 | D:6      | Found a bloodstained altar of Trog.
  4581 | D:6      | Found a glowing golden altar of the Shining One.
  4831 | D:6      | Found a runed translucent door.
  4831 | D:6      | Noticed jlumianski's ghost (novice DsGl)
  5155 | D:6      | Killed jlumianski's ghost
  5263 | D:7      | Reached XP level 9. HP: 82/85 MP: 6/8
  5458 | D:7      | Found a staircase to the Ecumenical Temple.
  5518 | D:7      | Reached skill level 5 in Dodging
  5619 | D:7      | Reached skill level 5 in Fighting
  5677 | D:7      | Found an iron altar of Okawaru.
  6298 | D:8      | Noticed Grum
  7240 | D:9      | Found an ornate altar of the Wu Jian Council.
  7304 | D:9      | Found a shimmering blue altar of Sif Muna.
  7319 | D:9      | Noticed a two-headed ogre
  7335 | D:9      | Killed a two-headed ogre
  7336 | D:9      | Reached XP level 10. HP: 96/96 MP: 9/9
  7366 | D:9      | Noticed Erica
  7387 | D:9      | HP: 2/96 [something (7)]
  7405 | D:9      | HP: 3/96 [poisoned by you (poison gas)]
  7406 | D:9      | HP: 1/96 [poisoned by you (poison gas)]
  7542 | D:9      | HP: 3/96 [something (18)]
  7542 | D:9      | HP: 1/96 [something (2)]
  7543 | D:9      | Slain by Erica

Illustrated notes

Levels and vault maps discovered:
D:1:      dpeg_arrival_rooms_b, layout_basic
D:2:      minmay_general_purpose_star, layout_loops_ring,
          ebering_ecumenical_altar_rust
D:3:      layout_loops_ring, mainiacjoe_overflow_alcove_4, kennysheep_crisscross
D:4:      layout_layer_cave, nicolae_shop_dragon_depot, serial_park_tiny_pond,
          uniq_menkaure, uniq_eustachio, uniq_sigmund
D:5:      layout_rooms, makhleb_blood_cavern_becter,
          mainiacjoe_overflow_24_doors, serial_shops,
          nicolae_shop_advertising_works [nicolae_subvault_shop_adworks],
          nicolae_shop_trees, kennysheep_generic_room_3, uniq_prince_ribbit1,
          uniq_grinder
D:6:      layout_cave_pools, nicolae_tso_carved_into_rock, bloody_trog,
          hellmonk_ghost_happy_afterlife, hellmonk_bongcloud_opening
D:7:      layout_cave_pools, nicolae_overflow_crystal_walls,
          minmay_temple_entry_ruins
D:8:      layout_cave_pods, feat_on_display, uniq_grum
D:9:      cheibrodos_two_vegetables, layout_stronghold,
          nicolae_qazlal_scattered_showers, zin_treasury,
          mainiacjoe_overflow_concentric_impassable,
          mainiacjoe_overflow_six_doors_small, enter_bailey_4, uniq_erica

Skill      XL: |  1  2  3  4  5  6  7  8  9 |
---------------+----------------------------+-----
Shields        | 3 4 5 6 8 |  8.2
Unarmed Combat | 3 4 5 7 8 |  8.7
Fighting       | 3 4 5 |  5.5
Dodging        | 3 4 5 |  5.5

Action                   |  1- 3 |  4- 6 |  7- 9 | 10-12 || total
-------------------------+-------+-------+-------+-------++-------
Melee: Unarmed           |    98 |   174 |   340 |    16 ||   628
Throw: Throwing net      |       |       |     1 |     1 ||     2
       Dart              |       |       |       |     5 ||     5
Evoke: Wand              |       |       |     1 |       ||     1
  Use: Potion            |       |     1 |     4 |     6 ||    11
       Scroll            |       |       |    19 |     2 ||    21
 Stab: Held in net/web   |       |       |     1 |       ||     1
Armor: Robe              |    29 |    47 |    76 |     2 ||   154
Dodge: Dodged            |    38 |    59 |   219 |     9 ||   325
Block: Kite shield       |    27 |    73 |   173 |     4 ||   277

Table legend: (Time is in decaauts)
 A = Elapsed time spent in this place.
 B = Non-inter-level travel time spent in this place.
 C = Inter-level travel time spent in this place.
 D = Time resting spent in this place.
 E = Time spent auto-exploring this place.
 F = Levels seen in this place.
 G = Mean time per level.
                   A        B        C        D        E       F      G
               +--------+--------+--------+--------+--------+-----+--------+
         Total |   7551 |   7164 |    387 |    617 |   4903 |   9 |  839.0 |
       Dungeon |   7551 |   7164 |    387 |    617 |   4903 |   9 |  839.0 |
               +--------+--------+--------+--------+--------+-----+--------+

Top non-repeatable levels by time:
     D:4: 1416 daAuts
     D:8: 1208 daAuts
     D:7: 868 daAuts
     D:3: 862 daAuts
     D:2: 860 daAuts
     D:6: 755 daAuts
     D:5: 681 daAuts
     D:1: 657 daAuts
     D:9: 241 daAuts
